 Dungeon Crawl Stone Soup version 0.22-a0-425-g89d60a11d8 (webtiles) character file.

4 MirrMurr the Sneak (level 1, 0/9 HPs)
             Began as a Spriggan Enchanter on May 24, 2018.
             Succumbed to a kobold's poison
             ... on level 1 of the Dungeon.
             The game lasted 00:02:27 (580 turns).

MirrMurr the Sneak (Spriggan Enchanter)              Turns: 580, Time: 00:02:27

Health: 0/9        AC:  2    Str:  9    XL:     1   Next: 50%
Magic:  5/5        EV: 18    Int: 16    God:
Gold:   8          SH:  0    Dex: 16    Spells: 4/5 levels left

rFire    . . .     SeeInvis +   b - +0 hunting sling
rCold    . . .     Gourm    .   (shield restricted)
rNeg     . . .     Faith    .   g - +0 robe
rPois    .         Spirit   .   (helmet restricted)
rElec    .         Reflect  .   (no cloak)
rCorr    .         Harm     .   (gloves unavailable)
MR       .....                  (boots unavailable)
Stlth    +++.......             (no amulet)
HPRegen  0.03/turn              (no ring)
MPRegen  0.09/turn              (no ring)

@: mighty, lethally poisoned (0 -> -10), very quick
A: very small, unfitting armour, see invisible, herbivore, speed 3, slow
metabolism 2
a: no special abilities


You were on level 1 of the Dungeon.
You were not hungry.

You visited 1 branch of the dungeon, and saw 1 of its levels.

You collected 8 gold pieces.

Inventory:

Hand Weapons
 a - a +1 dagger
 b - a +0 hunting sling (weapon)
Missiles
 c - 32 stones (quivered)
Armour
 g - a +0 robe (worn)
Scrolls
 f - a scroll of remove curse {unknown}
 h - a scroll of enchant armour {unknown}
Comestibles
 d - 3 rations


   Skills:
 + Level 1.4 Short Blades
 - Level 3.0 Dodging
 + Level 4.6 Stealth
 - Level 2.6 Spellcasting
 - Level 3.6 Hexes


You had 4 spell levels left.
You knew the following spells:

 Your Spells              Type           Power        Failure   Level  Hunger
C - Corona                Hex            ##.....      4%          1    #......

Your spell library contained the following spells:

 Spells                   Type           Power        Failure   Level  Hunger
 Confuse                  Hex            ##......     13%         3    ###....
 Tukima's Dance           Hex            ##......     13%         3    ###....
 Ensorcelled Hibernation  Hex/Ice        #.....       14%         2    ##.....
 Dazzling Spray           Conj/Hex       #.....       28%         3    ###....


Dungeon Overview and Level Annotations

Branches:
Dungeon (1/15)

Altars:


Innate Abilities, Weirdness & Mutations

You are very small and have problems with some larger weapons.
You are too small for most types of armour.
You have supernaturally acute eyesight. (SInv)
You are a herbivore.
You cover ground extremely quickly.
You need to consume almost no food.


Message History

a - a +1 dagger (weapon)
You see here a kobold skeleton.
There is an open door here.
You see here a bat skeleton.
h - a scroll labeled OVA DAIVIPRYPT A kobold comes into view.
It is wielding a whip of venom.
The kobold hits you with a whip of venom.
You are lethally poisoned!
You feel sick.
b - a +0 hunting sling (weapon)
You feel sick.
Found 8 needles of confusion.
You feel sick.
* * * LOW HITPOINT WARNING * * *
You feel sick.
It was a potion of might.
You feel very mighty all of a sudden.
* * * LOW HITPOINT WARNING * * *
You feel sick.
You die...

#.# .##.# #. ##.# #.#
.##.####.# #.# #.###.##.... ..
#.# #.##..##..# # #.# ##'#
####.##.###..# #.#.## ##...
#..........K.# #.#..## ##....
#.###.#..###.# #.....# ##.....
#.##.....###.#####...####......
+.............@.........'÷.....
#.##.....###.#####....÷.#......
#.###.##.# #........###.##.....
#.# #.##.# #######..# #.###....
#.###.##.# #..###.# ##...
#........# #...##.# ##'#
#####.#### #.#.##># #.. #.#
##.#.##.#####.# #.#
#........##....


There were no monsters in sight!

Vanquished Creatures
  A kobold (D:1)
  2 bats (D:1)
  A frilled lizard (D:1)
4 creatures vanquished.

Notes
Turn   | Place    | Note
-------+----------+-------------------------------------------
     0 | D:1      | MirrMurr the Spriggan Enchanter began the quest for the Orb.
     0 | D:1      | Reached XP level 1. HP: 9/9 MP: 5/5
   580 | D:1      | Succumbed to a kobold's poison

Vault maps used:
D:1:      dpeg_arrival_water_temple_mockup

Action                   || total
-------------------------++-------
Melee: Dagger            ||    14
 Fire: Hunting sling     ||    12
  Use: Potion            ||     1
 Stab: Sleeping          ||     3
Dodge: Dodged            ||    10

Table legend:
 A = Spawn XP
 B = Non-spawn XP
 C = Spawn XP percentage of total XP
 D = Spawn monster count
 E = Non-spawn monster count
 F = Spawn count percentage of total count
 G = Total turns spent on level
                    A         B        C        D         E        F      G
               +---------+---------+-------+---------+---------+-------+---------
         Total |       0 |       6 |   0.0 |       0 |       4 |   0.0 |   580
               +---------+---------+-------+---------+---------+-------+---------
           D:1 |       0 |       6 |   0.0 |       0 |       4 |   0.0 |   580
               +---------+---------+-------+---------+---------+-------+---------
